Map: Thunderbird LE

Players

MaSa

  • Race: Terran Terran
  • Spawn Location: 11:00

Stephano - Winner!

  • Race: Zerg Zerg
  • Spawn Location: 5:00

VOD

Have the link to the VOD?

Description

Time

  • Played on: Sept. 7, 2019, 3:05 p.m.
  • Length: 5:34
Show
View Real Time Build Order
Export as new Build Order

MaSa Terran 

Build Orders:  

Get SALT Encoding   

  12  0:00  SCV  
  13  0:12  SCV  
  14  0:17  Supply Depot  
  14  0:25  SCV  
  15  0:38  SCV  
  15  0:39  Barracks  
  16  0:50  SCV  
  17  1:02  SCV  
  18  1:15  SCV  
  18  1:16  Command Center  
  19  1:26  Marine  
  19  1:29  Orbital Command  
  20  1:39  Supply Depot  
  20  1:44  Marine  
  21  1:55  SCV  
  22  2:02  Marine  
  22  2:07  SCV  
  24  2:11  Command Center  
  24  2:19  Marine, SCV, Refinery  
  26  2:28  Orbital Command  
  26  2:32  SCV  
  26  2:35  Refinery  
  27  2:41  Marine  
  28  2:44  SCV  
  29  2:55  SCV  
  29  2:56  SCV  
  31  3:06  Bunker  
  31  3:07  SCV  
  31  3:09  SCV  
  33  3:14  Factory  
  33  3:19  SCV  
  34  3:21  SCV  
  34  3:24  Orbital Command, Barracks Reactor  
  34  3:25  Refinery  
  35  3:31  SCV  
  35  3:33  SCV  
  37  3:39  Refinery  
  37  3:43  SCV  
  37  3:45  SCV  
  39  3:49  SCV  
  41  3:55  SCV  
  41  3:57  SCV  
  41  3:58  Starport  
  41  4:01  SCV  
  43  4:03  Starport  
  43  4:06  Hellion x2, Barracks Tech Lab  
  43  4:07  SCV  
  43  4:09  SCV  
  49  4:13  SCV  
  50  4:19  SCV  
  50  4:21  SCV  
  50  4:23  Supply Depot  
  52  4:26  SCV  
  52  4:28  Hellion x2  
  57  4:32  SCV  
  57  4:33  SCV  
  57  4:36  Starport Tech Lab  
  59  4:39  SCV  
  59  4:40  Fusion Core  
  59  4:44  SCV  
  61  4:46  Supply Depot  
  61  4:48  SCV  
  61  4:49  Hellion x2  
  61  4:50  Orbital Command  
  61  4:51  Supply Depot x2  
  67  4:56  SCV  
  67  5:01  SCV  
  68  5:08  SCV  
  68  5:13  SCV  
  70  5:14  Supply Depot  
  70  5:15  SCV  
  70  5:16  Refinery  
  70  5:20  SCV  
  83  5:30  Supply Depot  
Show
View Real Time Build Order
Export as new Build Order

Stephano Zerg - Winner!

Build Orders: Hatch First, Roach Nydus 

Get SALT Encoding   

  12  0:00  Drone  
  13  0:12  Overlord  
  13  0:16  Drone  
  14  0:30  Drone x2  
  16  0:47  Hatchery  
  15  0:50  Drone  
  15  0:53  Drone  
  17  0:57  Drone  
  18  1:08  Extractor  
  17  1:13  Spawning Pool  
  17  1:16  Drone  
  17  1:19  Drone  
  18  1:28  Drone  
  19  1:39  Drone  
  20  1:50  Drone  
  21  1:58  Hatchery  
  21  2:00  Queen  
  22  2:06  Queen  
  24  2:09  Zergling x2  
  24  2:12  Zergling x2  
  26  2:17  Overlord  
  26  2:21  Drone  
  27  2:23  Drone  
  28  2:39  Drone x3  
  28  2:40  Queen  
  33  2:45  Overlord  
  33  2:48  Drone  
  34  2:54  Drone x2  
  36  3:04  Drone x2  
  38  3:11  Drone  
  39  3:14  Queen, Drone  
  39  3:15  Drone  
  39  3:19  Overlord  
  43  3:21  Drone  
  43  3:22  Drone  
  45  3:27  Drone x3  
  50  3:37  Overlord, Lair  
  50  3:40  Extractor  
  50  3:41  Roach Warren  
  46  3:45  Extractor  
  46  3:48  Drone x3  
  48  3:50  Queen  
  50  3:56  Metabolic Boost  
  50  3:58  Drone x3  
  52  4:04  Drone  
  52  4:05  Drone x3  
  52  4:08  Overlord  
  56  4:10  Drone  
  57  4:17  Queen  
  57  4:18  Overlord  
  59  4:24  Roach x2  
  59  4:25  Roach  
  65  4:33  Roach x3  
  71  4:40  Nydus Network  
  71  4:42  Queen  
  71  4:44  Roach  
  73  4:47  Roach  
  73  4:49  Roach  
  73  4:51  Overlord  
  77  4:55  Overseer  
  77  4:57  Zergling x8  
  81  5:04  Overlord x2  
  81  5:08  Overlord  
  81  5:11  Overlord  
  83  5:16  Nydus Canal  
Tags
 
Add a new tag
Caveats
  • Supply blocks, unpowered buildings, or Contaminate may cause inaccurate times.
  • Supply counts are checked every 10 seconds.